 Dungeon Crawl Stone Soup version 0.22-b1-26-g9dbaab1 (webtiles) character file.

3385 Lew the Covert (level 10, 0/64 HPs)
             Began as a Gargoyle Fighter on Aug 8, 2018.
             Was a Follower of Ashenzari.
             Killed by divine providence
             ... invoked by an orc priest
              (14 damage)
             ... on level 7 of the Dungeon.
             The game lasted 00:21:19 (5949 turns).

Lew the Covert (Gargoyle Fighter)                   Turns: 5949, Time: 00:21:20

Health: 0/64       AC:  9    Str: 27    XL:     10   Next: 4%
Magic:  10/10      EV: 10    Int:  9    God:    Ashenzari [*.....]
Gold:   279        SH:  4    Dex: 13    Spells: 9/9 levels left

rFire    . . .     SeeInvis .   s - +5 quarterstaff of the Trees {flame, rPois Str+4}
rCold    x . .     Gourm    .   (shield currently unavailable)
rNeg     + . .     Faith    .   t - +2 ring mail of the Teacher {rPois rC- MR+ Dex+2 Slay+3}
rPois    ∞         Spirit   .   j - +0 helmet
rElec    +         Reflect  +   (no cloak)
rCorr    .         Harm     .   (no gloves)
MR       +....                  (no boots)
Stlth    ++++......             n - +4 amulet of reflection (curse)
HPRegen  0.20/turn              m - +2 ring of dexterity
MPRegen  0.12/turn              (no ring)

@: corroded, very slightly contaminated
A: negative energy resistance 1, electricity resistance, unbreathing,
petrification resistance, rot immunity, AC +7
a: Curse Item, Scrying, Renounce Religion


You were on level 7 of the Dungeon.
You worshipped Ashenzari.
Ashenzari was aware of your devotion.
You were not hungry.

You visited 1 branch of the dungeon, and saw 7 of its levels.

You collected 411 gold pieces.
You spent 132 gold pieces at shops.

Inventory:

Hand Weapons
 a - a +0 war axe
 s - the +5 quarterstaff of the Trees (weapon) {flame, rPois Str+4}
   (You found it on level 6 of the Dungeon)

   It has been specially enchanted to burn those struck by it, causing extra
   injury to most foes and up to half again as much damage against particularly
   susceptible opponents.
   It affects your strength (+4).
   It protects you from poison.
Armour
 c - a +0 shield
 e - a +0 shield
 j - a +0 helmet (worn)
 k - a +1 plate armour
 q - a +2 scale mail of poison resistance
 t - the +2 ring mail of the Teacher (worn) {rPois rC- MR+ Dex+2 Slay+3}
   (You found it on level 6 of the Dungeon)

   It affects your dexterity (+2).
   It affects your accuracy and damage with ranged weapons and melee attacks
   (+3).
   It makes you vulnerable to cold.
   It protects you from poison.
   It affects your resistance to hostile enchantments.
Jewellery
 b - a +2 ring of evasion
 h - a +3 ring of intelligence
 i - an uncursed ring of resist corrosion
 m - a +2 ring of dexterity (left hand)
 n - a cursed +4 amulet of reflection (around neck)
Scrolls
 g - 2 scrolls of teleportation
 p - 4 scrolls of identify
 r - 2 scrolls of magic mapping
Potions
 d - 2 potions of might
 o - 5 potions of curing
 u - 2 potions of brilliance
 v - a potion of agility {unknown}
Comestibles
 f - 9 rations


   Skills:
 + Level 7.8 Fighting
 - Level 8.3 Axes
 + Level 7.9 Armour
 * Level 9.6 Stealth
 - Level 7.5 Shields


You had 9 spell levels left.
You didn't know any spells.
Your spell library was empty.

Dungeon Overview and Level Annotations

Branches:
Dungeon (7/15)
 Temple: D:4-7

Altars:
Ashenzari
Elyvilon
Nemelex Xobeh
Okawaru
Qazlal
Vehumet
The Shining One

Shops:
D:4 !


Innate Abilities, Weirdness & Mutations

You are resistant to torment.
Your stone body is resilient. (AC +7)
You are immune to poison.
You resist negative energy. (rN+)
You are resistant to electric shocks. (rElec)
You can survive without breathing.
You are immune to petrification.
You are immune to rotting.


Message History

You hit the orc warrior. You burn the orc warrior.
The orc warrior is moderately wounded.
The orc priest calls upon Beogh to heal the orc warrior.
The orc warrior is healed somewhat.
The orc hits you but does no damage. You block the orc priest's attack.
The orc warrior hits you with a scimitar!
The phantom blinks!
The orc priest barely misses you. x2
The orc priest calls upon Beogh to heal the orc warrior.
The orc warrior's wounds heal themselves!
The orc priest invokes the aid of Beogh against you.
Beogh smites you!
* * * LOW HITPOINT WARNING * * *
Blink to where?
Press: ? - help, Dir - move target cursor You are very lightly contaminated with residual magic.
As you read the scroll of blinking, it crumbles to dust.
The orc priest casts a cantrip, but nothing happens.
The orc priest calls down the wrath of Beogh upon you.
Beogh smites you!
You die...

#. #.#### ######....
..!......# #
.......#.# .#
##..!..###.##.
.#.####..o.o.....<..
.........Woo........
###@..o§..?#.##.
##..W..##...#
##...## #.#..
#.†.#.##.#
#......$.. #
#.#.#.##$## #. #.
#.#..... #. ..#
####.#####.# . ##.
#.# ..##..# #.#


You could see 2 phantoms, an orc warrior, 2 orc priests and 2 orcs.

Vanquished Creatures
  The ghost of biddum the Geomancer, a novice GrEE of Okawaru (D:6)
  A hungry ghost (D:7)
  An orc warrior (D:6)
  An ice beast (D:7)
  A centaur (D:5)
  4 ogres
  A bullfrog (D:6)
  A scorpion (D:4)
  3 wights (D:6)
  A crimson imp (D:6)
  5 hounds
  A jelly (D:7)
  A bullfrog skeleton (D:5)
  2 orc priests (D:3)
  An orc wizard (D:6)
  3 iguanas
  Jessica (D:3)
  A centaur skeleton (D:6)
  Terence (D:3)
  7 worker ants
  A hound skeleton (D:4)
  A worker ant zombie (D:6)
  Robin (D:2)
  4 gnolls (D:6)
  8 adders
  A shadow imp (D:5)
  An ooze (D:1)
  An adder skeleton (D:6)
  A worm (D:3)
  5 dart slugs
  5 leopard geckos
  9 orcs
  13 bats
  4 giant cockroaches
  11 goblins
  12 hobgoblins
  5 jackals
  13 kobolds
  2 quokkas
  8 frilled lizards
  A leopard gecko skeleton (D:4)
  10 rats
155 creatures vanquished.

Notes
Turn   | Place    | Note
-------+----------+-------------------------------------------
     0 | D:1      | Lew the Gargoyle Fighter began the quest for the Orb.
     0 | D:1      | Reached XP level 1. HP: 14/14 MP: 1/1
   138 | D:1      | Reached XP level 2. HP: 16/19 MP: 2/2
   219 | D:1      | Reached skill level 1 in Stealth
   314 | D:1      | Reached XP level 3. HP: 23/23 MP: 3/3
   789 | D:1      | You fall through a shaft!
   912 | D:2      | Reached XP level 4. HP: 26/29 MP: 4/4
  1050 | D:2      | Found a stormy altar of Qazlal.
  1068 | D:2      | Found an iron altar of Okawaru.
  1069 | D:2      | Found a glowing golden altar of the Shining One.
  1069 | D:2      | Found a radiant altar of Vehumet.
  1072 | D:2      | Noticed Robin
  1091 | D:2      | Killed Robin
  1091 | D:2      | Reached skill level 2 in Stealth
  1629 | D:3      | Noticed Jessica
  1634 | D:3      | Reached XP level 5. HP: 31/33 MP: 5/5
  1639 | D:3      | Killed Jessica
  1828 | D:3      | Noticed an ogre
  1840 | D:3      | Killed an ogre
  1840 | D:3      | Reached XP level 6. HP: 11/39 MP: 6/6
  2062 | D:3      | Noticed Terence
  2074 | D:3      | Killed Terence
  2111 | D:3      | Reached skill level 3 in Stealth
  2754 | D:3      | Reached XP level 7. HP: 20/44 MP: 7/7
  3106 | D:4      | Reached skill level 5 in Armour
  3106 | D:4      | Reached skill level 5 in Shields
  3243 | D:4      | Found Acotac's Distillery.
  3255 | D:4      | Reached skill level 5 in Fighting
  3309 | D:4      | Bought 2 potions of curing for 66 gold pieces
  3309 | D:4      | Bought a potion of curing for 33 gold pieces
  3309 | D:4      | Bought a potion of curing for 33 gold pieces
  3328 | D:4      | Found a white marble altar of Elyvilon.
  3328 | D:4      | Found a shattered altar of Ashenzari.
  3335 | D:4      | Became a worshipper of Ashenzari the Shackled
  3433 | D:4      | Reached skill level 4 in Stealth
  3581 | D:5      | Entered Level 5 of the Dungeon
  3789 | D:5      | Reached skill level 5 in Stealth
  3789 | D:5      | Reached XP level 8. HP: 47/49 MP: 8/8
  3866 | D:5      | Found a sparkling altar of Nemelex Xobeh.
  4060 | D:5      | Reached * piety under Ashenzari
  4683 | D:6      | Reached skill level 5 in Axes
  4683 | D:6      | Reached skill level 6 in Stealth
  4698 | D:6      | Found a runed door.
  4698 | D:6      | Noticed biddum's ghost (novice GrEE)
  4722 | D:6      | Reached skill level 8 in Stealth
  4722 | D:6      | Reached XP level 9. HP: 57/57 MP: 9/9
  4736 | D:6      | Killed biddum's ghost
  4736 | D:6      | Reached skill level 9 in Stealth
  4777 | D:6      | Got the quarterstaff of the Trees {flame, rPois Str+4}
  4800 | D:6      | Identified the +2 ring mail of the Teacher {rPois rC- MR+ Dex+2 Slay+3}
  5579 | D:7      | Identified the +5 quarterstaff of the Trees {flame, rPois Str+4} (You found it on level 6 of the Dungeon)
  5716 | D:7      | Reached XP level 10. HP: 64/64 MP: 10/10
  5949 | D:7      | Killed from afar by an orc priest

Skill      XL: |  1  2  3  4  5  6  7  8  9 |
---------------+----------------------------+-----
Axes           | 2 3 4 8 |  8.3
Stealth        | 1 2 3 5 8 9 |  9.6
Armour         | 4 5 7 |  7.9
Shields        | 4 5 7 |  7.5
Fighting       | 4 5 7 |  7.8

Action                   |  1- 3 |  4- 6 |  7- 9 | 10-12 || total
-------------------------+-------+-------+-------+-------++-------
Melee: War axe           |   127 |   165 |   254 |       ||   546
       Quarterstaff      |       |       |    15 |    15 ||    30
Invok: Curse Item        |       |       |     2 |       ||     2
Evoke: Wand              |       |       |    12 |       ||    12
  Use: Scroll            |     3 |     6 |     3 |     1 ||    13
       Potion            |     1 |     5 |     6 |       ||    12
 Stab: Sleeping          |       |       |     2 |     2 ||     4
  Eat: Chunk             |       |     4 |     2 |       ||     6
       Ration            |       |     1 |     3 |     1 ||     5
Armor: Scale mail        |    30 |       |       |       ||    30
       Plate armour      |    62 |   165 |   130 |       ||   357
       Ring mail         |       |       |     6 |     5 ||    11
Dodge: Dodged            |    31 |    34 |    51 |     7 ||   123
Block: Shield            |    71 |   128 |   211 |       ||   410
       Other             |       |       |     2 |     3 ||     5
